 Dungeon Crawl Stone Soup version 0.29.1-15-g9cfb28693d (webtiles) character file.

Game seed: 11042694969441076197

308 croobank the Covert (level 6, -3/44 HPs)
             Began as an Octopode Delver on Apr 21, 2023.
             Was a Believer of Wu Jian.
             Slain by an ogre
             ... wielding a +0 giant club
              (28 damage)
             ... on level 4 of the Dungeon.
             The game lasted 00:08:58 (4164 turns).

croobank the Covert (Octopode Delver)               Turns: 4164, Time: 00:08:59

Health: -3/44      AC:  1    Str: 12    XL:     6   Next: 40%
Magic:  6/6        EV: 14    Int: 14    God:    Wu Jian [**....]
Gold:   249        SH:  0    Dex: 13    Spells: 5/5 levels left

rFire   . . .      SeeInvis .   b - +1 hand crossbow
rCold   . . .      Faith    .   (no shield)
rNeg    . . .      Spirit   .   (helmet restricted)
rPois   .          Reflect  .   (no amulet)
rElec   .          Harm     .   (no ring)
rCorr   .          Rampage  .   (no ring)
Will    .....                   (no ring)
Stlth   +++++.....              (no ring)
HPRegen 0.14/turn               (no ring)
MPRegen 0.10/turn               (no ring)
                                (no ring)
                                (no ring)

@: no status effects
A: almost no armour, amphibious, 8 rings, camouflage 1, gelatinous body 1,
(nimble swimmer 1), tentacles
a: Renounce Religion, Wall Jump


You were on level 4 of the Dungeon.
You worshipped Wu Jian.
Wu Jian was pleased with you.
You visited 1 branch of the dungeon, and saw 6 of its levels.

You collected 249 gold pieces.

Inventory:

Hand Weapons
 a - the +3 quarterstaff of Fundamental Breach {drain, rElec Dex+4}
   (You found it on level 2 of the Dungeon)

   A truly terrible weapon, it drains the life of any living foe it strikes.
   Dex:       It affects your dexterity (+4).
   rElec:     It insulates you from electricity.
 b - a +1 hand crossbow (weapon)
 h - a +0 war axe
 j - a +0 dagger
 n - a +0 hand axe
Jewellery
 p - a +6 ring of strength
 s - a ring of fire
 u - a ring of ice
Wands
 f - a wand of digging (3)
 m - a wand of flame (17)
Scrolls
 c - 2 scrolls of magic mapping
 d - 5 scrolls of fear
 l - a scroll of amnesia
 q - 3 scrolls of fog
 r - a scroll of identify
Potions
 e - a potion of haste
 g - 2 potions of heal wounds
 i - a potion of ambrosia
 k - 2 potions of mutation
 o - a potion of cancellation


   Skills:
 + Level 4.5 Fighting
 - Level 2.6 Axes
 + Level 3.9 Dodging
 + Level 8.3 Stealth


You had 5 spell levels left.
You didn't know any spells.
Your spell library contained the following spells:

 Spells                   Type           Power      Damage    Failure   Level
 Freeze                   Ice            0%         1d3       28%         1
 Frozen Ramparts          Ice            0%         1d1       65%         3
 Hailstorm                Conj/Ice       0%         3d3       96%         4


Dungeon Overview and Level Annotations

Branches:
Dungeon (6/15)
 Temple: D:4-7

Altars:
Wu Jian
Yredelemnul

Shops:
D:3 (


Innate Abilities, Weirdness & Mutations

You cannot wear most types of armour.
You are amphibious.
You can wear up to eight rings at the same time.
Your skin changes colour to match your surroundings (Stealth+).
Your rubbery body absorbs attacks. (AC +1, EV +1)
((You are camouflaged when in or above water. (Stealth+)))
You have tentacles for arms and can constrict up to eight enemies at once.


Message History

Aiming: Wall Jump
Press: ? - help, Dir - move target You attack the quokka from above.
You barely miss the quokka. You grab the quokka. You constrict the quokka.
The quokka bites you. The quokka closely misses you. The quokka misses you.
You shoot a bolt. The bolt barely misses the quokka.
You constrict the quokka.
The quokka bites you but does no damage. x2
You shoot a bolt. The bolt completely misses the quokka.
You constrict the quokka.
You kill the quokka!
The Council accepts your kill.
Found a stone staircase leading down.
You pick up a book of Frost and begin reading...
You add the spells Freeze, Frozen Ramparts and Hailstorm to your library.
There is a stone staircase leading down here.
You see here a +0 short sword.
You open the door.
A hobgoblin comes into view.
You shoot a bolt. The bolt hits the hobgoblin!
You kill the hobgoblin!
The Council accepts your kill.
There is an open door here.
No target in view!
You see here a hobgoblin corpse.
You open the door.
A jelly comes into view.
You shoot a bolt. The bolt hits the jelly!
You kill the jelly!
The Council accepts your kill.
Found a basalt altar of Yredelemnul.
An ogre comes into view. It is wielding a +0 giant club.
Aiming: Wall Jump
Press: ? - help, Dir - move target You attack the ogre from above.
The helpless ogre fails to defend itself.
You clumsily bash the ogre.
The ogre is lightly wounded.
The ogre hits you with a +0 giant club!! x2
Ouch! That really hurt!
You die...

.# #.......##. ##
#.......# ## ..
####.).....# ... ...
.....###+####.#.#####.#
...####...###.#.......
#..###.....##.#.#...#
...##.........#.#._.#
...#..........#○#°..#.#
.).'..........#O@○....#
..##...†......#°#####.#
..###.......#.........
.## ##.....#######.###
.# ##...## ## ##'## #.#
#.# #.#


You could see an ogre.

Vanquished Creatures
  A scorpion (D:4)
  An orc priest (D:2)
  A hound (D:5)
  A jelly (D:4)
  Terence (D:2)
  5 adders
  A white imp (D:6)
  2 dart slugs
  5 orcs
  4 endoplasms
  2 giant cockroaches
  9 hobgoblins
  7 jackals
  3 quokkas
  6 ball pythons
  9 bats
  5 frilled lizards
  8 goblins
  4 kobolds
  5 rats
80 creatures vanquished.

Notes
Turn   | Place    | Note
-------+----------+-------------------------------------------
     0 | D:5      | croobank the Octopode Delver began the quest for the Orb.
     0 | D:5      | Reached XP level 1. HP: 16/16 MP: 1/1
    77 | D:5      | Noticed an orc priest
    77 | D:5      | Noticed an orc priest
   188 | D:6      | Reached XP level 2. HP: 11/21 MP: 2/2
   376 | D:5      | Reached skill level 7 in Stealth
   376 | D:5      | Reached XP level 3. HP: 9/26 MP: 3/3
   885 | D:4      | Reached XP level 4. HP: 14/31 MP: 4/4
  1229 | D:2      | Identified the +3 quarterstaff of Fundamental Breach
                  | {drain, rElec Dex+4}
  2099 | D:1      | Found a faded altar of an unknown god.
  2107 | D:1      | Prayed at the altar of an unknown god.
  2107 | D:1      | Became a worshipper of the Wu Jian Council
  2107 | D:1      | Reached * piety under Wu Jian
  2488 | D:2      | Reached XP level 5. HP: 37/37 MP: 5/5
  2707 | D:2      | Noticed Terence
  2715 | D:2      | Killed Terence
  3191 | D:2      | Reached ** piety under Wu Jian
  3326 | D:2      | Reached skill level 8 in Stealth
  3621 | D:3      | Found Guosyefe's Weapon Boutique.
  3945 | D:4      | Reached XP level 6. HP: 34/44 MP: 6/6
  4162 | D:4      | Found a basalt altar of Yredelemnul.
  4164 | D:4      | Slain by an ogre

Illustrated notes

Levels and vault maps discovered:
D:1:      lemuel_arrival_behind_the_door_large, layout_basic,
          dreamdust_ecumenical_altar_sealed_demon
D:2:      kennysheep_big_flooded_room, layout_basic, minmay_misc_feat_ornament,
          uniq_terence
D:3:      layout_basic, serial_shops, nicolae_shop_waterfront
D:4:      layout_loops_corners, mainiacjoe_overflow_cross_hatched, uniq_pikel,
          uniq_crazy_yiuf_cottage, uniq_natasha
D:5:      layout_basic, serial_corexii_hall, chequers_hall_statues_corner_a,
          corexii_hall_statues_i, chequers_hall_statues_corner_a,
          chequers_hall_statues_corner_a, uniq_edmund
D:6:      layout_loops_ring, minmay_temple_entry_trees,
          kennysheep_generic_room_15

Skill      XL: |  1  2  3  4  5 |
---------------+----------------+-----
Stealth        | 7 8 |  8.3
Dodging        | 3 |  3.9
Fighting       | 4 |  4.5
Axes           | |  2.6

Action                   |  1- 3 |  4- 6 || total
-------------------------+-------+-------++-------
Melee: Hand axe          |    28 |     5 ||    33
       Tentacles         |     7 |     7 ||    14
       Constrict         |     4 |     7 ||    11
       Punch             |     2 |       ||     2
       Quarterstaff      |       |    39 ||    39
       Hand crossbow     |       |     2 ||     2
 Fire: Hand crossbow     |       |    83 ||    83
 Abil: Wall Jump         |       |     2 ||     2
  Use: Scroll            |       |     9 ||     9
 Stab: Sleeping          |     3 |    14 ||    17
Armor: Skin              |     3 |     7 ||    10
Dodge: Dodged            |    19 |    55 ||    74
